 Dungeon Crawl Stone Soup version 0.18.1-50-g88ac8fd (webtiles) character file.

205 ringo67 the Conjurer (level 5, -1/28 HPs)
             Began as a Deep Elf Conjurer on Oct 24, 2016.
             Killed from afar by ringo67's ghost (11 damage)
             ... with a magic dart
             ... on level 3 of the Dungeon.
             The game lasted 00:17:15 (2917 turns).

ringo67 the Conjurer (Deep Elf Conjurer)            Turns: 2917, Time: 00:17:15

Health: -1/28      AC:  5    Str:  5    XL:     5   Next: 52%
Magic:  11/11      EV: 13    Int: 21    God:
Gold:   159        SH:  0    Dex: 15    Spells: 3 memorised, 2 levels left

rFire  . . .     SeeInvis .     h - +0 short sword
rCold  . . .     Gourm    .     a - +0 robe
rNeg   . . .     Faith    .     (no shield)
rPois  .         Spirit   .     n - +1 helmet
rElec  .         Dismiss  .     (no cloak)
rCorr  .         Reflect  .     (no gloves)
SustAt .         Harm     .     r - +0 pair of boots
MR     .....                    s - amulet of magic regeneration
Stlth  +++.......               (no ring)
                                p - ring of stealth

@: not resistant to hostile enchantments, fairly stealthy
A: no striking features
a: no special abilities


You were on level 3 of the Dungeon.
You were not hungry.

You visited 1 branch of the dungeon, and saw 3 of its levels.

You collected 159 gold pieces.

Inventory:

Hand Weapons
 h - a +0 short sword (weapon)
Armour
 a - a +0 robe (worn)
 n - a +1 helmet (worn)
 r - a +0 pair of boots (worn)
Jewellery
 k - an uncursed ring of ice
 p - a ring of stealth (left hand)
 s - an amulet of magic regeneration (around neck)
 t - a +5 ring of intelligence {unknown}
Scrolls
 d - a scroll of amnesia
 e - a scroll of recharging
 f - a scroll of enchant armour {unknown}
 i - 3 scrolls of identify
 l - 4 scrolls of magic mapping
Potions
 j - a potion of heal wounds
 q - 2 potions of cure mutation {unknown}
Books
 b - a book of Conjurations

   Spells                             Type                      Level
   a - Magic Dart                     Conjuration                  1
   b - Searing Ray                    Conjuration                  2
   c - Dazzling Spray                 Conjuration/Hexes            3
   d - Fulminant Prism                Conjuration/Hexes            4
   e - Iskenderun's Mystic Blast      Conjuration                  4
   f - Iskenderun's Battlesphere      Conjuration/Charms           5
Comestibles
 c - 2 bread rations
 g - 6 fruits
 m - 2 meat rations


   Skills:
 - Level 2.4 Dodging
 - Level 2.4 Stealth
 - Level 3.0 Spellcasting
 + Level 7.3 Conjurations
 + Level 2.0 Charms


You had 2 spell levels left.
You knew the following spells:

 Your Spells              Type           Power        Failure   Level  Hunger
a - Magic Dart            Conj           ####         1%          1    None
b - Searing Ray           Conj           ####..       1%          2    ##.....
c - Iskenderun's Battles  Conj/Chrm      ###.....     67%         5    ######.


Dungeon Overview and Level Annotations

Branches:
Dungeon (3/15)

Altars:

Annotations:
D:3 ringo67's ghost, amateur DECj


Message History

Press: ? - help, Shift-Dir - straight line, f/p - ringo67's ghost
Aim: ringo67's ghost, wielding a weapon of speed (lightly damaged)
The magic dart hits ringo67's ghost.
Ringo67's ghost is moderately damaged.
Ringo67's ghost gestures at you while chanting.
The magic dart hits you!
Casting: Magic Dart
Confirm with . or Enter, or press ? or * to list all spells.
Aiming: Magic Dart
Press: ? - help, Shift-Dir - straight line, f/p - ringo67's ghost
Aim: ringo67's ghost, wielding a weapon of speed (lightly damaged)
The magic dart hits ringo67's ghost.
Ringo67's ghost is moderately damaged.
Ringo67's ghost gestures at you while chanting.
The magic dart hits you!
Ringo67's ghost points at you and mumbles some strange words.
The magic dart hits you!
Ringo67's ghost points at you and mumbles some strange words.
The magic dart hits you!
You die...

###.###
<.....)...<. #.#
....#######.( #.#
(.##.........( #.#
####....# #.#
#....#(# #.#
##....##.# #.####
##..#.# #..
#....#######.....#
###
####.@...........#
#########W)##....
##.......# >
#..####.##
######## ###.##
#.#
##......###...#
...
##........##W###
...##
#..........#.#
#...
#..........#.#
#.#.


You could see ringo67's ghost.

Vanquished Creatures
  A scorpion (D:3)
  An orc priest (D:3)
  5 adders
  A gnoll (D:1)
  A worm (D:2)
  6 dart slugs
  3 orcs (D:3)
  2 giant cockroaches (D:2)
  3 goblins (D:1)
  5 hobgoblins
  A quokka (D:2)
  11 bats
  2 giant newts (D:1)
  11 kobolds
  11 rats
64 creatures vanquished.

Notes
Turn   | Place    | Note
--------------------------------------------------------------
     0 | D:1      | ringo67 the Deep Elf Conjurer began the quest for the Orb.
     0 | D:1      | Reached XP level 1. HP: 10/10 MP: 6/6
   224 | D:1      | Reached XP level 2. HP: 15/15 MP: 1/8
   325 | D:1      | Reached skill level 5 in Conjurations
   833 | D:1      | Learned a level 2 spell: Searing Ray
   902 | D:1      | Reached XP level 3. HP: 19/19 MP: 7/9
  1561 | D:2      | Reached skill level 6 in Conjurations
  1645 | D:2      | Reached XP level 4. HP: 24/24 MP: 7/10
  2260 | D:3      | Noticed ringo67's ghost (amateur DECj)
  2368 | D:2      | Reached skill level 7 in Conjurations
  2368 | D:2      | Reached XP level 5. HP: 24/28 MP: 3/11
  2571 | D:3      | Learned a level 5 spell: Iskenderun's Battlesphere
  2619 | D:3      | Reached skill level 1 in Charms
  2917 | D:3      | Killed from afar by ringo67's ghost

Skill      XL: |  1  2  3  4  5 |
---------------+----------------+-----
Conjurations   | 5 6 7 |  7.3
Charms         | 2 |  2.0
Dodging        | |  2.4
Stealth        | |  2.4
Spellcasting   | |  3.0

Action                   |  1- 3 |  4- 6 || total
-------------------------+-------+-------++-------
Melee: Short sword       |     1 |       ||     1
 Cast: Magic Dart        |    84 |    46 ||   130
       Searing Ray       |       |     3 ||     3
  Use: Scroll            |     8 |       ||     8
  Eat: Chunk             |     2 |     4 ||     6
Armor: Robe              |     4 |    14 ||    18
Dodge: Dodged            |    12 |    17 ||    29
